 Dungeon Crawl Stone Soup version 0.28-a0-622-gbaef9634d7 (webtiles) character file.

Game seed: 5142152553686856932

240 Dittersdorf the Covered (level 6, -2/39 HPs)
             Began as a Gargoyle Fighter on Oct 7, 2021.
             Slain by a wight (8 damage)
             ... on level 3 of the Dungeon.
             The game lasted 00:03:00 (3610 turns).

Dittersdorf the Covered (Gargoyle Fighter)          Turns: 3610, Time: 00:03:01

Health: -2/39      AC: 14    Str: 21    XL:     6   Next: 8%
Magic:  6/6        EV:  9    Int:  9    God:
Gold:   117        SH:  4    Dex:  9    Spells: 5/5 levels left

rFire   . . .      SeeInvis .   a - +0 flail
rCold   . . .      Faith    .   c - +0 buckler
rNeg    + . .      Spirit   .   b - +0 scale mail
rPois   ∞          Reflect  .   p - +0 helmet
rElec   +          Harm     .   (no cloak)
rCorr   .          Rampage  .   j - +0 pair of gloves
Will    +....                   (no boots)
Stlth   ..........              (no amulet)
HPRegen 0.13/turn               k - ring of willpower
MPRegen 0.10/turn               (no ring)

@: no status effects
A: sickness immunity, AC +4, negative energy resistance 1, electricity
resistance, torment resistance 1, petrification resistance
a: no special abilities


You were on level 3 of the Dungeon.
You visited 1 branch of the dungeon, and saw 3 of its levels.

You collected 117 gold pieces.

Inventory:

Hand Weapons
 a - a +0 flail (weapon)
Missiles
 m - 18 poisoned darts (quivered)
Armour
 b - a +0 scale mail (worn)
 c - a +0 buckler (worn)
 j - a +0 pair of gloves (worn)
 p - a +0 helmet (worn)
Jewellery
 k - a ring of willpower (left hand)
Scrolls
 f - 2 scrolls of identify {unknown}
 g - 3 scrolls of teleportation {unknown}
 h - 2 scrolls of fog {unknown}
 i - a scroll of enchant weapon {unknown}
 n - a scroll of magic mapping {unknown}
Potions
 d - a potion of might
 e - a potion of flight {unknown}
 l - a potion of resistance {unknown}
 o - a potion of haste {unknown}


   Skills:
 + Level 4.7 Fighting
 + Level 3.5 Maces & Flails
 + Level 4.9 Armour
 - Level 4.0 Shields


You had 5 spell levels left.
You didn't know any spells.
Your spell library contained the following spells:

 Spells                   Type           Power      Damage    Failure   Level
 Animate Skeleton         Necr           0%         N/A       71%         1
 Magic Dart               Conj           0%         1d3       71%         1
 Pain                     Necr           0%         1d4       71%         1
 Searing Ray              Conj           0%         2d4       85%         2
 Vampiric Draining        Necr           0%         2d6       97%         3
 Fulminant Prism          Conj/Hex       0%         3d6       100%        4


Dungeon Overview and Level Annotations

Branches:
Dungeon (3/15)

Altars:

Shops:
D:1 *


Innate Abilities, Weirdness & Mutations

You are immune to sickness and miasma.
Your stone body is resilient. (AC +4)
You are immune to poison.
You resist negative energy. (rN+)
You are resistant to electric shocks. (rElec)
You are resistant to unholy torment.
You are immune to petrification.


Message History

You closely miss the wight. The wight hits you with a +0 falchion.
You hit the wight but do no damage. The wight hits you with a +0 falchion.
* * * LOW HITPOINT WARNING * * *
Your scale mail prevents you from hitting the wight.
The wight hits you but does no damage.
You hit the wight.
The wight is moderately damaged.
The wight barely misses you. You block the wight's attack.
You closely miss the wight.
The wight is moderately damaged.
The wight barely misses you.
You hit the wight.
The wight is heavily damaged.
The wight hits you but does no damage.
You barely miss the wight.
The wight is moderately damaged.
The wight closely misses you.
You closely miss the wight.
The wight is moderately damaged.
The wight hits you but does no damage.
You hit the wight but do no damage.
The wight is moderately damaged.
You block the wight's attack. The wight closely misses you.
You hit the wight.
The wight is heavily damaged.
The wight closely misses you.
You hit the wight.
The wight is severely damaged.
The wight hits you with a +0 falchion!
* * * LOW HITPOINT WARNING * * *
You barely miss the wight.
The wight is severely damaged.
The wight hits you but does no damage.
You closely miss the wight.
The wight is severely damaged.
You block the wight's attack. The wight hits you but does no damage.
You closely miss the wight.
The wight is severely damaged.
The wight hits you with a +0 falchion!
You die...

#### ###
#################..########.#
#...........................####
#.###############..########.#...
#.# #..)..#...#####<#.#.## #.#
#.###@#.........#.#.# #.#
#.#.z.#...#####.#.#.# #.#
#.#.###...#######.#.# #.#
#######.#. #...#.......#.# #.#
#.......# #...#.#######.#
##.###.####### #...#.# #.#
≈♣♣♣≈P≈≈♣....# #...#.# #)#
♣♣♣♣PP♣♣≈PP♣♣# #...#.# #.#
≈≈≈≈≈≈≈≈P≈♣P♣♣♣♣##..##.#######.#


You could see a wight.

Vanquished Creatures
  A sky beast (D:3)
  2 wights (D:3)
  2 worms
  2 dart slugs (D:1)
  2 orcs (D:3)
  A ball python (D:2)
  2 bats
  11 endoplasms
  A giant cockroach (D:2)
  3 goblins (D:1)
  4 hobgoblins
  2 quokkas (D:1)
  6 frilled lizards
  7 kobolds
  9 rats
55 creatures vanquished.

Vanquished Creatures (others)
  5 plants (D:3)
5 creatures vanquished.

Grand Total: 60 creatures vanquished

Notes
Turn   | Place    | Note
-------+----------+-------------------------------------------
     0 | D:1      | Dittersdorf the Gargoyle Fighter began the quest for the
                  | Orb.
     0 | D:1      | Reached XP level 1. HP: 14/14 MP: 1/1
   468 | D:1      | Reached XP level 2. HP: 15/19 MP: 2/2
   828 | D:1      | Found a faded altar of an unknown god.
  1047 | D:1      | Found Ammom's Assorted Antiques.
  1251 | D:1      | Reached XP level 3. HP: 24/24 MP: 3/3
  2485 | D:3      | Noticed a sky beast
  2511 | D:3      | Killed a sky beast
  2512 | D:3      | Reached XP level 4. HP: 14/29 MP: 4/4
  2512 | D:3      | Reached XP level 5. HP: 16/33 MP: 5/5
  3338 | D:3      | Reached XP level 6. HP: 6/39 MP: 6/6
  3610 | D:3      | Slain by a wight

Illustrated notes

Levels and vault maps discovered:
D:1:      amcnicky_arrival_gap_in_the_tavern_cellar, layout_basic, serial_shops,
          nicolae_shop_temple_entry_statues_fountains,
          shapermc_ecumenical_altar_venn
D:2:      layout_rooms, serial_aquarium, aquarium_bridge_island_small
          [aquarium_subvault_small_open, aquarium_subvault_bridge,
          aquarium_subvault_wall, aquarium_subvault_wall,
          aquarium_subvault_wall], aquarium_bridge_square
          [aquarium_subvault_window, aquarium_subvault_bridge,
          aquarium_subvault_bridge, aquarium_subvault_window],
          aquarium_window_1, aquarium_window_corridor_2, aquarium_window_corner,
          aquarium_view_2e
D:3:      layout_basic, kennysheep_doodads, serial_bayou_lake_a

Skill      XL: |  1  2  3 |
---------------+----------+-----
Fighting       | 4 |  4.7
Maces & Flails | 3 |  3.5
Armour         | 4 |  4.9
Shields        | 4 |  4.0

Action                   |  1- 3 |  4- 6 || total
-------------------------+-------+-------++-------
Melee: Flail             |   175 |    87 ||   262
Throw: Dart              |     5 |       ||     5
Armor: Scale mail        |   104 |    33 ||   137
Dodge: Dodged            |    71 |    28 ||    99
Block: Buckler           |    38 |    17 ||    55

Table legend: (Time is in decaauts)
 A = Elapsed time spent in this place.
 B = Non-inter-level travel time spent in this place.
 C = Inter-level travel time spent in this place.
 D = Time resting spent in this place.
 E = Time spent auto-exploring this place.
 F = Levels seen in this place.
 G = Mean time per level.
                   A        B        C        D        E       F      G
               +--------+--------+--------+--------+--------+-----+--------+
         Total |   3697 |   3597 |    100 |   1077 |   1917 |   3 | 1232.3 |
       Dungeon |   3697 |   3597 |    100 |   1077 |   1917 |   3 | 1232.3 |
               +--------+--------+--------+--------+--------+-----+--------+

Top non-repeatable levels by time:
     D:1: 1556 daAuts
     D:3: 1171 daAuts
     D:2: 969 daAuts
